[Event "Bayerischer Schachbund IM 2024"]
[Site "Rosenheim"]
[Date "2024.08.14"]
[Round "4.10"]
[White "Miller, Eduard"]
[Black "Georgescu, Lena"]
[Result "1-0"]
[Annotator "RC"]
[ECO "C47"]
[WhiteElo "2319"]
[BlackElo "2209"]
[PlyCount "185"]
[EventDate "2024.08.12"]
[EventType "tourn"]
[EventCountry "GER"]
[SourceTitle "playchess.com"]
[Source "ChessBase"]
[SourceQuality "1"]
[TimeControl "40/5400+30:1800+30"]

1. e4 e5 2. Nf3 Nc6 3. Nc3 Nf6 4. d4 exd4 5. Nxd4 Bb4 6. Nxc6 bxc6 7. Bd3 O-O 8. O-O Re8 9. Bg5 h6 10. Bh4 d5 11. exd5 g5 12. Bg3 cxd5 13. Nb5 Ba5 14. c4 a6 15. Nd4 dxc4 16. Bxc4 Bb6 17. Nc6 Qxd1 18. Rfxd1 Be6 19. Ne5 Ne4 20. Kf1 Nxg3+ 21. hxg3 Bxc4+ 22. Nxc4 Rad8 23. b3 Bd4 24. Rac1 c5 25. g4 Kg7 26. Re1 Rxe1+ 27. Rxe1 Kf6 28. Re4 a5 29. Nxa5 Ra8 30. Nc6 Rxa2 31. Nxd4 cxd4 32. Rxd4 Rb2 33. Rd3 Kg6 34. Rd6+ f6 35. Rb6 h5 36. f3 hxg4 37. fxg4 Rd2 38. Rb4 Kf7 39. Re4 Rb2 40. b4 Kg6 41. g3 Rc2 42. Rd4 Rb2 43. Rc4 f5 44. Rc6+ Kf7 45. gxf5 Rxb4 46. Kf2 Rb5 47. g4 Rb4 48. Kf3 Rb3+ 49. Ke4 Rg3 50. Ke5 Re3+ 51. Kd5 Rd3+ 52. Ke4 Rg3 53. Ra6 Rg1 54. Kf3 Rf1+ 55. Kg2 Rf4 56. Kg3 Rb4 57. Rg6 Rb3+ 58. Kf2 Rb2+ 59. Ke3 Rb3+ 60. Kd2 Rb2+ 61. Kc3 Re2 62. Rxg5 Re4 63. Kd3 Re1 64. Kd4 Re2 65. Rh5 Kg7 66. Rg5+ Kf7 67. Rg6 Re1 68. Kd5 Re2 69. Kd4 Re1 70. Kd3 Re8 71. Ra6 Rg8 72. Ra4 Kf6 73. Ke3 Kg5 74. Ra6 Rg7 75. Kf3 Rg8 76. Kg3 Rg7 77. Ra8 Rb7 78. Rg8+ Kf6 79. Rg6+ Kf7 80. Kf4 Rb4+ 81. Kg5 Rb7 82. Rh6 Kg7 83. f6+ Kg8 84. Rh1 Rb4 85. Ra1 Rb7 86. Kg6 Rg7+ 87. Kf5 Rb7 88. g5 Rb5+ 89. Kg6 Rb8 90. Ra7 Rc8 91. Rg7+ Kh8 92. Rh7+ Kg8 93. f7+ 1-0

[Event "Bayerischer Schachbund IM 2024"]
[Site "Rosenheim"]
[Date "2024.08.15"]
[Round "5.6"]
[White "Georgescu, Lena"]
[Black "Schulz, Lukas"]
[Result "1-0"]
[Annotator "RC"]
[ECO "B54"]
[WhiteElo "2209"]
[BlackElo "2298"]
[PlyCount "81"]
[EventDate "2024.08.12"]
[EventType "tourn"]
[EventCountry "GER"]
[SourceTitle "playchess.com"]
[Source "ChessBase"]
[SourceQuality "1"]
[TimeControl "40/5400+30:1800+30"]

1. e4 c5 2. Nf3 d6 3. d4 cxd4 4. Nxd4 a6 5. c4 Nf6 6. Nc3 Nbd7 7. Be2 e6 8. Be3 Be7 9. g4 Nc5 10. Qc2 h5 11. gxh5 e5 12. Nf5 Bxf5 13. exf5 Rc8 14. O-O-O Nxh5 15. Kb1 Kf8 16. Bf3 Nf6 17. Rhg1 Rh4 18. Bd5 b5 19. f4 exf4 20. Bd4 bxc4 21. Qg2 Rh7 22. Bxc4 Qd7 23. Qg5 Na4 24. Bb3 Nxc3+ 25. bxc3 f3 26. Qf4 a5 27. Qxf3 a4 28. Bc2 Rxh2 29. Rg2 Rh4 30. Bd3 a3 31. Bc2 Rb8+ 32. Bb3 Qb7 33. Qxb7 Rxb7 34. Rdg1 Rh7 35. Kc2 Rb5 36. Re2 Rxf5 37. Rge1 Ng8 38. Bc4 Rh6 39. Rb1 Ke8 40. Rb8+ Kd7 41. Rxg8 1-0

[Event "Bayerischer Schachbund IM 2024"]
[Site "Rosenheim"]
[Date "2024.08.15"]
[Round "5.7"]
[White "Goldbeck, Lars"]
[Black "Miller, Eduard"]
[Result "1/2-1/2"]
[Annotator "RC"]
[ECO "A49"]
[WhiteElo "2321"]
[BlackElo "2319"]
[PlyCount "90"]
[EventDate "2024.08.12"]
[EventType "tourn"]
[EventCountry "GER"]
[SourceTitle "playchess.com"]
[Source "ChessBase"]
[SourceQuality "1"]
[TimeControl "40/5400+30:1800+30"]

1. d4 Nf6 2. Nf3 d6 3. g3 g6 4. Bg2 Bg7 5. O-O O-O 6. a4 a5 7. Re1 Nfd7 8. e4 e5 9. Nc3 Nc6 10. Bg5 f6 11. Be3 exd4 12. Nxd4 Nxd4 13. Bxd4 Ne5 14. Nd5 Nc6 15. Bc3 Be6 16. Qd2 Kh8 17. f4 Qd7 18. Re3 b6 19. b3 Rae8 20. Rae1 Nd8 21. R3e2 Bxd5 22. Qxd5 Qf7 23. Qd3 Ne6 24. Qf3 Nc5 25. Re3 Re7 26. Bf1 Qe8 27. Bb5 Qc8 28. Bc6 Qe6 29. Kg2 Qc8 30. h4 f5 31. e5 dxe5 32. Bxe5 Bxe5 33. Rxe5 Rxe5 34. Rxe5 Qd8 35. h5 Kg7 36. Qe2 Rf7 37. Kh2 Qd6 38. Be8 Rf8 39. Re7+ Kh6 40. hxg6 hxg6 41. Qe5 Qxe5 42. Rxe5 Kg7 43. Kg2 Kf6 44. Bc6 Rd8 45. Rd5 Rxd5 1/2-1/2

[Event "Bayerischer Schachbund IM 2024"]
[Site "Rosenheim"]
[Date "2024.08.15"]
[Round "5.8"]
[White "Schneider, Jana"]
[Black "Hasenohr, Benedict"]
[Result "1/2-1/2"]
[Annotator "RC"]
[ECO "C02"]
[WhiteElo "2275"]
[BlackElo "2339"]
[PlyCount "83"]
[EventDate "2024.08.12"]
[EventType "tourn"]
[EventCountry "GER"]
[SourceTitle "playchess.com"]
[Source "ChessBase"]
[SourceQuality "1"]
[TimeControl "40/5400+30:1800+30"]

1. e4 e6 2. d4 d5 3. e5 c5 4. c3 Nc6 5. Nf3 Bd7 6. Be2 f6 7. O-O fxe5 8. Nxe5 Nxe5 9. dxe5 Qc7 10. Re1 Ne7 11. Bf1 O-O-O 12. a4 Nf5 13. Na3 c4 14. b3 cxb3 15. Nb5 Bxb5 16. axb5 Bc5 17. Qxb3 Rhf8 18. Ra2 Kb8 19. Ba3 Ne7 20. Bxc5 Qxc5 21. Qa3 Qxa3 22. Rxa3 Rc8 23. Rea1 Rf5 24. Rxa7 Kc7 25. R1a6 Rxe5 26. g3 Rd8 27. f4 Re1 28. Kf2 Rxf1+ 29. Kxf1 Nc8 30. b6+ Kc6 31. Ra2 Nxa7 32. bxa7 Ra8 33. Ke2 Kb6 34. Kd3 Rxa7 35. Re2 Kc5 36. Rxe6 b5 37. Re8 Ra2 38. Re7 Rxh2 39. Rc7+ Kd6 40. Rxg7 h5 41. Rh7 Kc5 42. Rc7+ 1/2-1/2

[Event "Bayerischer Schachbund IM 2024"]
[Site "Rosenheim"]
[Date "2024.08.15"]
[Round "5.9"]
[White "Lucas, Arthur"]
[Black "Reimann, Sebastian"]
[Result "1-0"]
[Annotator "RC"]
[ECO "B91"]
[WhiteElo "2332"]
[BlackElo "2327"]
[PlyCount "65"]
[EventDate "2024.08.12"]
[EventType "tourn"]
[EventCountry "GER"]
[SourceTitle "playchess.com"]
[Source "ChessBase"]
[SourceQuality "1"]
[TimeControl "40/5400+30:1800+30"]

1. e4 c5 2. Nf3 d6 3. d4 cxd4 4. Nxd4 Nf6 5. Nc3 a6 6. g3 e5 7. Nb3 Be6 8. f4 exf4 9. Bxf4 Be7 10. Qd2 Nc6 11. O-O-O Ne5 12. Nd4 Qc7 13. Nxe6 fxe6 14. Bh3 Nc4 15. Qd3 e5 16. Bg5 Nb6 17. Bxf6 gxf6 18. Be6 Qc5 19. Qf3 Kd8 20. Rd3 Kc7 21. Nd5+ Nxd5 22. Bxd5 Kb8 23. Qf5 Qc8 24. Be6 Qe8 25. Rc3 Bd8 26. Rd1 Qe7 27. Rb3 Ka7 28. Qf2+ b6 29. Bf5 Rb8 30. Rc3 Bc7 31. Rc6 Kb7 32. Qd2 Qe8 33. Rxc7+ 1-0

[Event "Bayerischer Schachbund IM 2024"]
[Site "Rosenheim"]
[Date "2024.08.15"]
[Round "5.10"]
[White "Platzgummer, Fabian"]
[Black "Zysk, Robert"]
[Result "1/2-1/2"]
[Annotator "RC"]
[ECO "E14"]
[WhiteElo "2304"]
[BlackElo "2376"]
[PlyCount "33"]
[EventDate "2024.08.12"]
[EventType "tourn"]
[EventCountry "GER"]
[SourceTitle "playchess.com"]
[Source "ChessBase"]
[SourceQuality "1"]
[TimeControl "40/5400+30:1800+30"]

1. Nf3 Nf6 2. c4 e6 3. b3 b6 4. Bb2 Bb7 5. e3 c5 6. Nc3 Be7 7. Be2 O-O 8. O-O d5 9. cxd5 Nxd5 10. d4 Nd7 11. Rc1 Rc8 12. Nxd5 Bxd5 13. Bd3 cxd4 14. Rxc8 Qxc8 15. Nxd4 Rd8 16. Qe2 Qa8 17. f3 1/2-1/2

[Event "Bayerischer Schachbund IM 2024"]
[Site "Rosenheim"]
[Date "2024.08.15"]
[Round "6.6"]
[White "Schulz, Lukas"]
[Black "Zysk, Robert"]
[Result "0-1"]
[Annotator "RC"]
[ECO "C00"]
[WhiteElo "2298"]
[BlackElo "2376"]
[PlyCount "74"]
[EventDate "2024.08.12"]
[EventType "tourn"]
[EventCountry "GER"]
[SourceTitle "playchess.com"]
[Source "ChessBase"]
[SourceQuality "1"]
[TimeControl "40/5400+30:1800+30"]

1. e4 e6 2. Nc3 d5 3. g3 dxe4 4. Nxe4 Bd7 5. Nf3 Nf6 6. d3 Nxe4 7. dxe4 Bc5 8. Ne5 Qe7 9. Qe2 Nc6 10. Nxd7 Qxd7 11. c3 O-O-O 12. Be3 Qe7 13. Bg2 h5 14. O-O Ne5 15. b4 Bxe3 16. Qxe3 Kb8 17. Rfd1 Qf6 18. Qe2 g5 19. Rxd8+ Rxd8 20. Rd1 g4 21. h3 Rxd1+ 22. Qxd1 gxh3 23. Bxh3 h4 24. gxh4 Qxh4 25. Bg2 a6 26. Qd2 Ng6 27. Qe3 Nf4 28. Qf3 Qg5 29. Kh2 Qh4+ 30. Kg1 Qg5 31. Kh2 e5 32. Bf1 Qd8 33. Qg3 Ka7 34. Qg7 Qd2 35. Qg3 Qxa2 36. Kg1 Qd2 37. Bc4 Qe1+ 0-1

[Event "Bayerischer Schachbund IM 2024"]
[Site "Rosenheim"]
[Date "2024.08.15"]
[Round "6.7"]
[White "Reimann, Sebastian"]
[Black "Platzgummer, Fabian"]
[Result "1/2-1/2"]
[Annotator "RC"]
[ECO "B11"]
[WhiteElo "2327"]
[BlackElo "2304"]
[PlyCount "21"]
[EventDate "2024.08.12"]
[EventType "tourn"]
[EventCountry "GER"]
[SourceTitle "playchess.com"]
[Source "ChessBase"]
[SourceQuality "1"]
[TimeControl "40/5400+30:1800+30"]

1. e4 c6 2. Nf3 d5 3. Nc3 dxe4 4. Nxe4 Nf6 5. Qe2 Nxe4 6. Qxe4 Qa5 7. Qf4 Qf5 8. d3 Qxf4 9. Bxf4 Bg4 10. Be2 Nd7 11. Ne5 1/2-1/2

[Event "Bayerischer Schachbund IM 2024"]
[Site "Rosenheim"]
[Date "2024.08.15"]
[Round "6.8"]
[White "Hasenohr, Benedict"]
[Black "Lucas, Arthur"]
[Result "0-1"]
[Annotator "RC"]
[ECO "E14"]
[WhiteElo "2339"]
[BlackElo "2332"]
[PlyCount "118"]
[EventDate "2024.08.12"]
[EventType "tourn"]
[EventCountry "GER"]
[SourceTitle "playchess.com"]
[Source "ChessBase"]
[SourceQuality "1"]
[TimeControl "40/5400+30:1800+30"]

1. d4 d5 2. Nf3 Nf6 3. c4 e6 4. e3 Be7 5. b3 O-O 6. Bd3 b6 7. O-O Bb7 8. Bb2 Nbd7 9. Qe2 c5 10. Rd1 Re8 11. Nbd2 cxd4 12. exd4 Nf8 13. Ne5 Ng6 14. Qe3 Nd7 15. Ndf3 Ndxe5 16. Nxe5 dxc4 17. Bxc4 Bg5 18. Qg3 a6 19. Nxg6 hxg6 20. a4 Bf6 21. Qd3 Qd6 22. Rd2 Red8 23. Rad1 a5 24. Qg3 Rac8 25. Qxd6 Rxd6 26. f4 Bd5 27. Rc2 Rdc6 28. Rdc1 g5 29. g3 gxf4 30. gxf4 g5 31. Rf2 Bxc4 32. fxg5 Bg7 33. bxc4 Rxc4 34. Rcf1 Rc2 35. Kg2 Rxf2+ 36. Rxf2 Rc4 37. d5 exd5 38. Bxg7 Kxg7 39. Rf6 Rb4 40. Kf3 Rb3+ 41. Kf4 Rb4+ 42. Ke5 Rxa4 43. Rxb6 Rg4 44. Kf5 Rh4 45. Rb5 a4 46. Ra5 Rxh2 47. Rxa4 Rf2+ 48. Kg4 Re2 49. Kf4 Kg6 50. Ra5 Re4+ 51. Kf3 Re5 52. Kf4 Rf5+ 53. Kg4 Rxg5+ 54. Kf4 Rf5+ 55. Kg4 Kf6 56. Ra8 Ke6 57. Re8+ Kd7 58. Re1 Rf2 59. Kg3 Rf6 0-1

[Event "Bayerischer Schachbund IM 2024"]
[Site "Rosenheim"]
[Date "2024.08.15"]
[Round "6.9"]
[White "Miller, Eduard"]
[Black "Schneider, Jana"]
[Result "1/2-1/2"]
[Annotator "RC"]
[ECO "A07"]
[WhiteElo "2319"]
[BlackElo "2275"]
[PlyCount "61"]
[EventDate "2024.08.12"]
[EventType "tourn"]
[EventCountry "GER"]
[SourceTitle "playchess.com"]
[Source "ChessBase"]
[SourceQuality "1"]
[TimeControl "40/5400+30:1800+30"]

1. Nf3 d5 2. g3 Nf6 3. Bg2 e6 4. O-O Be7 5. d3 O-O 6. Nbd2 Nc6 7. e4 dxe4 8. dxe4 e5 9. a4 a5 10. Nc4 Nxe4 11. Nfxe5 Nxe5 12. Nxe5 Nf6 13. Be3 c6 14. Nc4 Qxd1 15. Rfxd1 Be6 16. Nb6 Rad8 17. h3 Rxd1+ 18. Rxd1 Rd8 19. Rd2 Kf8 20. Bf1 Ne4 21. Rxd8+ Bxd8 22. Nc4 Ke7 23. Bd3 Nf6 24. Bc5+ Kd7 25. Kg2 g6 26. Ne5+ Kc7 27. Bc4 Nd5 28. b3 b6 29. Bf8 Bf6 30. Nd3 Kd7 31. h4 1/2-1/2

[Event "Bayerischer Schachbund IM 2024"]
[Site "Rosenheim"]
[Date "2024.08.15"]
[Round "6.10"]
[White "Georgescu, Lena"]
[Black "Goldbeck, Lars"]
[Result "1/2-1/2"]
[Annotator "RC"]
[ECO "B12"]
[WhiteElo "2209"]
[BlackElo "2321"]
[PlyCount "58"]
[EventDate "2024.08.12"]
[EventType "tourn"]
[EventCountry "GER"]
[SourceTitle "playchess.com"]
[Source "ChessBase"]
[SourceQuality "1"]
[TimeControl "40/5400+30:1800+30"]

1. e4 c6 2. d4 d5 3. e5 Bf5 4. h4 a6 5. h5 c5 6. dxc5 Nc6 7. Bd3 Qd7 8. Nf3 e6 9. Be3 Bg4 10. Nbd2 f6 11. exf6 gxf6 12. c3 e5 13. Qa4 e4 14. Nxe4 dxe4 15. Qxe4+ Qe6 16. Nd4 Qxe4 17. Bxe4 Nge7 18. f3 Bd7 19. O-O-O Rd8 20. g4 Bc8 21. Rhe1 Kf7 22. Nxc6 Rxd1+ 23. Rxd1 Nxc6 24. b4 h6 25. a4 Be7 26. Kc2 Be6 27. Bf4 Kg7 28. Bd5 Bc8 29. Re1 Ne5 1/2-1/2

[Event "Bayerischer Schachbund IM 2024"]
[Site "Rosenheim"]
[Date "2024.08.16"]
[Round "7.6"]
[White "Goldbeck, Lars"]
[Black "Schulz, Lukas"]
[Result "1-0"]
[Annotator "ChessBase"]
[ECO "D02"]
[WhiteElo "2321"]
[BlackElo "2298"]
[PlyCount "113"]
[EventDate "2024.08.12"]
[EventType "tourn"]
[EventCountry "GER"]
[SourceTitle "playchess.com"]
[Source "ChessBase"]
[SourceQuality "1"]
[TimeControl "40/5400+30:1800+30"]

1. d4 Nf6 2. Nf3 g6 3. Nbd2 d5 4. c4 e6 5. e3 Bg7 6. b4 O-O 7. Bb2 Nbd7 8. Qc2 c6 9. Be2 e5 10. Nxe5 Nxe5 11. dxe5 Ng4 12. cxd5 Qxd5 13. e4 Qd8 14. Bxg4 Bxg4 15. O-O a5 16. bxa5 Qxa5 17. Nb3 Qc7 18. f4 Rfd8 19. Qf2 Be6 20. Bd4 Re8 21. Bb6 Qc8 22. Nc5 Ra3 23. Rfd1 Bf8 24. h3 Rc3 25. Rac1 Ra3 26. Rd2 Be7 27. Rcd1 Rc3 28. Nxe6 Qxe6 29. Bd4 Ra3 30. f5 Qc4 31. e6 gxf5 32. exf5 Bg5 33. Re2 fxe6 34. f6 Kf7 35. Bb2 Rd3 36. Rde1 Rd7 37. Re4 Qxa2 38. Qe2 h6 39. h4 Bd2 40. Qh5+ Kf8 41. Rg4 e5 42. Rg8+ Qxg8 43. Ba3+ Rde7 44. Rxe5 Qf7 45. Bxe7+ Kg8 46. Qf3 Kh8 47. Re2 Ba5 48. Qf4 Bb6+ 49. Kh1 Kh7 50. Qe4+ Kg8 51. Rb2 Bc7 52. Rxb7 Bb8 53. Qxc6 Qh5 54. Qc4+ Kh8 55. Qd4 Kg8 56. Rd7 Qf5 57. Qd5+ 1-0

[Event "Bayerischer Schachbund IM 2024"]
[Site "Rosenheim"]
[Date "2024.08.16"]
[Round "7.7"]
[White "Schneider, Jana"]
[Black "Georgescu, Lena"]
[Result "0-1"]
[Annotator "RC"]
[ECO "C45"]
[WhiteElo "2275"]
[BlackElo "2209"]
[PlyCount "92"]
[EventDate "2024.08.12"]
[EventType "tourn"]
[EventCountry "GER"]
[SourceTitle "playchess.com"]
[Source "ChessBase"]
[SourceQuality "1"]
[TimeControl "40/5400+30:1800+30"]

1. e4 e5 2. Nf3 Nc6 3. d4 exd4 4. Nxd4 Bc5 5. Nb3 Bb6 6. Nc3 d6 7. Qe2 a5 8. a4 Nb4 9. Bf4 Qf6 10. Bg3 Ne7 11. O-O-O Be6 12. h4 h5 13. Qd2 Bxb3 14. cxb3 O-O-O 15. Bf4 Qg6 16. Bc4 d5 17. Bb5 d4 18. Ne2 Qxe4 19. Bd3 Nxd3+ 20. Qxd3 Qxd3 21. Rxd3 Nc6 22. Kd2 Rhe8 23. Rg3 g6 24. Nc1 Bc5 25. Nd3 Bb4+ 26. Nxb4 Nxb4 27. Rc1 Rd7 28. Bg5 b6 29. Re1 Rxe1 30. Kxe1 Rd6 31. Bd2 Re6+ 32. Kd1 Nd5 33. Rf3 f5 34. Kc2 c5 35. Kd3 Kd7 36. Rh3 Kc6 37. Rh1 Ne7 38. Rg1 Kd5 39. f3 Nc6 40. Rf1 Nb4+ 41. Bxb4 Re3+ 42. Kc2 axb4 43. Rf2 f4 44. Rd2 c4 45. bxc4+ Kxc4 46. Rf2 Re2+ 0-1

[Event "Bayerischer Schachbund IM 2024"]
[Site "Rosenheim"]
[Date "2024.08.16"]
[Round "7.8"]
[White "Lucas, Arthur"]
[Black "Miller, Eduard"]
[Result "1/2-1/2"]
[Annotator "RC"]
[ECO "B23"]
[WhiteElo "2332"]
[BlackElo "2319"]
[PlyCount "99"]
[EventDate "2024.08.12"]
[EventType "tourn"]
[EventCountry "GER"]
[SourceTitle "playchess.com"]
[Source "ChessBase"]
[SourceQuality "1"]
[TimeControl "40/5400+30:1800+30"]

1. e4 c5 2. Nc3 Nc6 3. f4 g6 4. Nf3 Bg7 5. a3 d6 6. Bc4 e6 7. d3 Nge7 8. Ba2 d5 9. O-O a6 10. Qe1 Nd4 11. Qf2 b5 12. exd5 exd5 13. Be3 Ne6 14. Bxc5 Nxc5 15. Qxc5 Be6 16. Rae1 O-O 17. Ng5 Rc8 18. Qf2 Rc6 19. Nd1 a5 20. c3 b4 21. axb4 axb4 22. Qh4 h6 23. Nxe6 fxe6 24. Kh1 Ra6 25. Bb3 bxc3 26. bxc3 Rf7 27. d4 Qc8 28. Qh3 Nf5 29. Bc2 Ra3 30. Qg4 Kh7 31. Qe2 Ra2 32. g4 Rxc2 33. Qxc2 Nxd4 34. Qd3 Nb3 35. f5 gxf5 36. gxf5 Nc5 37. Qh3 exf5 38. Ne3 Nd3 39. Rd1 Qxc3 40. Qf3 Ne5 41. Qe2 d4 42. Nxf5 Qc6+ 43. Qg2 Qxg2+ 44. Kxg2 Nc4 45. Rc1 Rxf5 46. Rxc4 Rg5+ 47. Kh1 Kg6 48. Rc7 Be5 49. Rd7 Rf5 50. Rxf5 1/2-1/2

[Event "Bayerischer Schachbund IM 2024"]
[Site "Rosenheim"]
[Date "2024.08.16"]
[Round "7.9"]
[White "Platzgummer, Fabian"]
[Black "Hasenohr, Benedict"]
[Result "1/2-1/2"]
[Annotator "RC"]
[ECO "A11"]
[WhiteElo "2304"]
[BlackElo "2339"]
[PlyCount "96"]
[EventDate "2024.08.12"]
[EventType "tourn"]
[EventCountry "GER"]
[SourceTitle "playchess.com"]
[Source "ChessBase"]
[SourceQuality "1"]
[TimeControl "40/5400+30:1800+30"]

1. Nf3 d5 2. g3 Nf6 3. Bg2 Bf5 4. O-O e6 5. d3 Be7 6. c4 c6 7. cxd5 exd5 8. Nc3 O-O 9. Nd4 Bg4 10. h3 Bd7 11. e4 Qc8 12. Kh2 dxe4 13. dxe4 Rd8 14. e5 Be6 15. Qa4 b5 16. Qc2 Rxd4 17. exf6 Bxf6 18. Nxb5 Rc4 19. Nc3 Nd7 20. Rd1 Rb8 21. Bf4 Rxb2 22. Qxb2 Bxc3 23. Qa3 Bxa1 24. Rxa1 a6 25. Bf1 Rc2 26. Be3 Ne5 27. Bd4 Nc4 28. Qa4 Nd2 29. Be2 Rc4 30. Bxc4 Bxc4 31. Qd1 Bf1 32. Qg4 Qxg4 33. hxg4 Nf3+ 34. Kh1 Bh3 35. Be3 Bxg4 36. Rb1 g5 37. Rb6 h5 38. Rxa6 h4 39. gxh4 gxh4 40. Ra4 Be6 41. Rf4 Bxa2 42. Kg2 Bd5 43. Kh3 f5 44. Rxh4 Nxh4 45. Kxh4 Kf7 46. Kg5 Ke6 47. Kf4 Be4 48. Ba7 Kd5 1/2-1/2

[Event "Bayerischer Schachbund IM 2024"]
[Site "Rosenheim"]
[Date "2024.08.16"]
[Round "7.10"]
[White "Zysk, Robert"]
[Black "Reimann, Sebastian"]
[Result "1/2-1/2"]
[Annotator "RC"]
[ECO "D41"]
[WhiteElo "2376"]
[BlackElo "2327"]
[PlyCount "41"]
[EventDate "2024.08.12"]
[EventType "tourn"]
[EventCountry "GER"]
[SourceTitle "playchess.com"]
[Source "ChessBase"]
[SourceQuality "1"]
[TimeControl "40/5400+30:1800+30"]

1. Nf3 Nf6 2. c4 e6 3. Nc3 d5 4. d4 c5 5. cxd5 cxd4 6. Qxd4 exd5 7. e4 dxe4 8. Qxd8+ Kxd8 9. Ng5 Be6 10. Nxe6+ fxe6 11. Bg5 Nc6 12. Bc4 Ke7 13. Nxe4 Kf7 14. Nxf6 Bb4+ 15. Bd2 Bxd2+ 16. Kxd2 Rhd8+ 17. Ke3 gxf6 18. Rac1 Rac8 19. f4 Ke7 20. Bb5 Nb4 21. Bc4 1/2-1/2

[Event "Bayerischer Schachbund IM 2024"]
[Site "Rosenheim"]
[Date "2024.08.17"]
[Round "8.6"]
[White "Schulz, Lukas"]
[Black "Reimann, Sebastian"]
[Result "0-1"]
[Annotator "RC"]
[ECO "C34"]
[WhiteElo "2298"]
[BlackElo "2327"]
[PlyCount "86"]
[EventDate "2024.08.12"]
[EventType "tourn"]
[EventCountry "GER"]
[SourceTitle "playchess.com"]
[Source "ChessBase"]
[SourceQuality "1"]
[TimeControl "40/5400+30:1800+30"]

1. e4 e5 2. f4 exf4 3. Nf3 d6 4. d4 g5 5. Nc3 Bg7 6. g3 Nc6 7. h3 g4 8. hxg4 fxg3 9. Bg2 Bxg4 10. Be3 h5 11. Qd3 h4 12. Bg5 Qd7 13. Rxh4 Rxh4 14. Bxh4 Bxf3 15. Qxf3 Nxd4 16. Qxg3 Kf8 17. O-O-O Qe6 18. Kb1 Qe5 19. Qf2 Nb5 20. Na4 Na3+ 21. Ka1 Nc4 22. Rd5 Qe8 23. Nc3 Qc6 24. e5 Qb6 25. Qxb6 Nxb6 26. exd6 Nxd5 27. Bxd5 c6 28. Bf3 Be5 29. Ne4 f5 30. Nc5 Bxd6 31. Nxb7 Be7 32. Bf2 Nf6 33. Nc5 Bxc5 34. Bxc5+ Kf7 35. a4 Ne4 36. Bd4 Ke6 37. Ka2 a5 38. c4 Kd6 39. Be3 Ke5 40. Bb6 Kf4 41. Bh5 Kg3 42. Bg6 Kg4 43. Bf7 Ng5 0-1

[Event "Bayerischer Schachbund IM 2024"]
[Site "Rosenheim"]
[Date "2024.08.17"]
[Round "8.7"]
[White "Hasenohr, Benedict"]
[Black "Zysk, Robert"]
[Result "0-1"]
[Annotator "RC"]
[ECO "E51"]
[WhiteElo "2339"]
[BlackElo "2376"]
[PlyCount "88"]
[EventDate "2024.08.12"]
[EventType "tourn"]
[EventCountry "GER"]
[SourceTitle "playchess.com"]
[Source "ChessBase"]
[SourceQuality "1"]
[TimeControl "40/5400+30:1800+30"]

1. d4 Nf6 2. c4 e6 3. Nc3 Bb4 4. Qc2 O-O 5. Bd2 d5 6. e3 b6 7. cxd5 exd5 8. Bd3 c5 9. dxc5 bxc5 10. Nf3 Bb7 11. O-O Nbd7 12. Rfd1 Rc8 13. Bf5 g6 14. Bh3 d4 15. Be1 dxc3 16. bxc3 Ba5 17. Ne5 Nxe5 18. Rxd8 Rcxd8 19. Qb2 Ba8 20. c4 Nd3 21. Qxf6 Bxe1 22. Rxe1 Nxe1 23. Bg4 Nd3 24. Bh3 Ne1 25. Bg4 Nxg2 26. e4 Bxe4 27. f3 Ne3 28. fxe4 Nxg4 29. Qg5 Rd4 30. Qxg4 Re8 31. Qg5 Rxc4 32. e5 Re4 33. e6 R8xe6 34. Qxc5 a6 35. a3 h5 36. h3 R4e5 37. Qc8+ Kg7 38. Qc3 Kh7 39. Qc7 Rg5+ 40. Kf2 Rf5+ 41. Kg3 Re3+ 42. Kh4 Rff3 43. a4 Re4+ 44. Kg5 Rf5# 0-1

[Event "Bayerischer Schachbund IM 2024"]
[Site "Rosenheim"]
[Date "2024.08.17"]
[Round "8.8"]
[White "Miller, Eduard"]
[Black "Platzgummer, Fabian"]
[Result "1/2-1/2"]
[Annotator "RC"]
[ECO "B13"]
[WhiteElo "2319"]
[BlackElo "2304"]
[PlyCount "40"]
[EventDate "2024.08.12"]
[EventType "tourn"]
[EventCountry "GER"]
[SourceTitle "playchess.com"]
[Source "ChessBase"]
[SourceQuality "1"]
[TimeControl "40/5400+30:1800+30"]

1. e4 c6 2. d4 d5 3. exd5 cxd5 4. Bd3 Nf6 5. c3 Nc6 6. Bf4 Bg4 7. Qb3 Na5 8. Qa4+ Bd7 9. Qc2 Qb6 10. Nf3 Bb5 11. Bxb5+ Qxb5 12. Na3 Qb6 13. O-O e6 14. Qa4+ Nd7 15. b4 Nc6 16. Nb5 Rc8 17. Rac1 a6 18. Nd6+ Bxd6 19. Bxd6 Ncb8 20. Bg3 O-O 1/2-1/2

[Event "Bayerischer Schachbund IM 2024"]
[Site "Rosenheim"]
[Date "2024.08.17"]
[Round "8.9"]
[White "Georgescu, Lena"]
[Black "Lucas, Arthur"]
[Result "1-0"]
[Annotator "RC"]
[ECO "C12"]
[WhiteElo "2209"]
[BlackElo "2332"]
[PlyCount "107"]
[EventDate "2024.08.12"]
[EventType "tourn"]
[EventCountry "GER"]
[SourceTitle "playchess.com"]
[Source "ChessBase"]
[SourceQuality "1"]
[TimeControl "40/5400+30:1800+30"]

1. e4 e6 2. d4 d5 3. Nc3 Nf6 4. Bg5 Bb4 5. e5 h6 6. Bd2 Bxc3 7. bxc3 Ne4 8. Bc1 Nxc3 9. Qg4 g6 10. Bd3 c5 11. dxc5 Qa5 12. Bd2 Qa4 13. Qf3 Ne4 14. Bxe4 Qxe4+ 15. Qxe4 dxe4 16. Ne2 Bd7 17. O-O Na6 18. Be3 Bb5 19. Rfe1 Bxe2 20. Rxe2 O-O-O 21. c3 Rd5 22. h4 h5 23. c4 Rd7 24. c6 bxc6 25. Rb1 Rhd8 26. Kh2 Rd1 27. Reb2 Rxb1 28. Rxb1 Nb8 29. Kg3 Rd3 30. Rb3 Nd7 31. Kf4 c5 32. Kxe4 Rxb3 33. axb3 Kc7 34. f3 Kc6 35. Bd2 Kb6 36. Bc3 Nb8 37. Kf4 Kc6 38. g4 hxg4 39. fxg4 Kd7 40. h5 gxh5 41. gxh5 Ke8 42. b4 cxb4 43. Bxb4 f5 44. exf6 Kf7 45. Be7 Nc6 46. Kg5 Ne5 47. h6 Ke8 48. h7 Nf7+ 49. Kg6 e5 50. c5 e4 51. c6 e3 52. c7 Nh8+ 53. Kg7 Kd7 54. Bb4 1-0

[Event "Bayerischer Schachbund IM 2024"]
[Site "Rosenheim"]
[Date "2024.08.17"]
[Round "8.10"]
[White "Goldbeck, Lars"]
[Black "Schneider, Jana"]
[Result "1-0"]
[Annotator "RC"]
[ECO "D35"]
[WhiteElo "2321"]
[BlackElo "2275"]
[PlyCount "77"]
[EventDate "2024.08.12"]
[EventType "tourn"]
[EventCountry "GER"]
[SourceTitle "playchess.com"]
[Source "ChessBase"]
[SourceQuality "1"]
[TimeControl "40/5400+30:1800+30"]

1. d4 d5 2. c4 e6 3. Nc3 Nf6 4. cxd5 exd5 5. Bg5 c6 6. e3 Be7 7. Bd3 Nbd7 8. Nf3 h6 9. Bh4 Nh5 10. Bxe7 Qxe7 11. O-O O-O 12. Rb1 Nhf6 13. Nd2 Nb6 14. b4 Ng4 15. Nf3 Nc4 16. h3 Nf6 17. b5 cxb5 18. Rxb5 Be6 19. Bxc4 dxc4 20. e4 Rfd8 21. Re1 b6 22. d5 Bd7 23. d6 Qf8 24. Rb1 Be6 25. e5 Nd7 26. Nd4 Nc5 27. f4 Nd3 28. Re4 Qe8 29. Qe2 Bc8 30. Ndb5 Qc6 31. Nc7 Bf5 32. Rd4 Qc5 33. Qe3 Nxf4 34. Rb5 Nxg2 35. Kxg2 Qc6+ 36. N3d5 Rac8 37. Qf3 Qd7 38. Qxf5 Rxc7 39. dxc7 1-0